 Dungeon Crawl Stone Soup version 0.30.0-19-g36f170ea60 (webtiles) character file.

Game seed: 13609863616895624334

39 sampeng1 the Trooper (level 3, -1/49 HPs)
             Began as a Minotaur Berserker on May 26, 2023.
             Was a Believer of Trog.
             Slain by a goblin
             ... wielding a +0 club
             ... led by Robin
              (4 damage)
             ... on level 2 of the Dungeon.
             The game lasted 00:03:54 (960 turns).

sampeng1 the Trooper (Minotaur Berserker)            Turns: 960, Time: 00:03:54

Health: -1/49      AC: 21    Str: 23    XL:     3   Next: 28%
Magic:  2/2        EV:  2    Int:  4    God:    Trog [**....]
Gold:   120        SH:  2    Dex:  9    Spells: 2/2 levels left

rFire   . . .        a - +0 hand axe
rCold   . . .        j - +0 buckler
rNeg    . . .        f - melded +0 chain mail
rPois   +            (helmet currently unavailable)
rElec   .            g - melded +0 cloak
rCorr   +            (gloves currently unavailable)
SInv    .            (boots currently unavailable)
Will    .....        (no amulet)
Stlth   +            d - ring of resist corrosion
HPRegen 0.28/turn    (no ring)
MPRegen 0.08/turn

%: no passive effects
@: mighty, tree-form
A: stationary, stasis, torment immunity, boosted hp, (horns 2), (retaliatory
headbutt)
a: Renounce Religion, Berserk, Trog's Hand


You were on level 2 of the Dungeon.
You worshipped Trog.
Trog was pleased with you.
You were a tree.
You visited 1 branch of the dungeon, and saw 2 of its levels.

You collected 120 gold pieces.

Inventory:

Hand Weapons
 a - a +0 hand axe (weapon)
Missiles
 h - 5 boomerangs (quivered)
Armour
 b - a +0 animal skin
 f - a +0 chain mail (melded)
 g - a +0 cloak (melded)
 j - a +0 buckler (worn)
Jewellery
 d - a ring of resist corrosion (left branch)
Scrolls
 i - a scroll of immolation {unknown}
Potions
 c - a potion of lignification


   Skills:
 + Level 4.1 Fighting
 + Level 4.1 Axes
 + Level 3.1 Armour
 + Level 2.8 Dodging


You had 2 spell levels left.
You didn't know any spells.
Your spell library was empty.

Dungeon Overview and Level Annotations

Branches:
Dungeon (2/15)

Altars:

Annotations:
D:2 Robin, Sigmund


Innate Abilities, Weirdness & Mutations

You are a tree.
Your roots penetrate the ground, keeping you stationary.
You cannot be teleported.
You are immune to unholy pain and torment.
Your maximum health is greatly increased.
Your equipment is partially melded.
((You have a pair of horns on your head.))
((You reflexively headbutt those who attack you in melee.))


Message History

There are monsters nearby!
There are monsters nearby!
Unknown command.
Unknown command.
Throw: 5 boomerangs
Press: ? - help, Q - select action, (/) - cycle Shift-Dir - straight line, f - hobgoblin
Aim: a hobgoblin (strong, 56% to hit)
You throw a boomerang. The boomerang hits the hobgoblin!
You kill the hobgoblin!
Trog accepts your kill.
The goblin no longer looks unusually strong.
Robin throws the goblin at you! The goblin hits you but does no damage.
Something hits you but does no damage. The goblin hits you but does no damage.
You cannot move.
Throw: 5 boomerangs
Press: ? - help, Q - select action, (/) - cycle Shift-Dir - straight line, f - goblin
Aim: a goblin, wielding a +0 club (47% to hit)
You throw a boomerang. The boomerang hits the goblin.
The goblin is moderately wounded.
The hobgoblin no longer looks unusually strong.
Something hits you.
* * * LOW HITPOINT WARNING * * *
The goblin hits you but does no damage.
Robin roars a battlecry!
The goblins go into a battle-frenzy!
Throw: 5 boomerangs
Press: ? - help, Q - select action, (/) - cycle Shift-Dir - straight line, f/p - goblin
Aim: a goblin, wielding a +0 club (moderately wounded, strong, 47% to hit)
You throw a boomerang.
The boomerang closely misses the goblin.
The goblin hits you but does no damage.
You hear some strange, mumbled words.
Something tries to affect you, but you resist.
Throw: 5 boomerangs
Press: ? - help, Q - select action, (/) - cycle Shift-Dir - straight line, f/p - goblin
Aim: a goblin, wielding a +0 club (moderately wounded, strong, 47% to hit)
You throw a boomerang.
The boomerang closely misses the goblin.
The goblin hits you with a +0 club.
You die...

.###.# .# #.# #.#
.###.###### #.#
..........# #.#
.###.####.# #g# .#
#.# #.# #g# .# #.#
#.# #g# .##.#. #.#
#{# ...# # #.# #♣#
###.#. #.# #g# #
#..# #.# #.# # #..#
#.# #.# ###..####.#
#.# ..........# #.#
###..###### #.#
.....###########.###
###................#


You could see Robin, a hobgoblin (strong) and 2 goblins.

Vanquished Creatures
  An adder (D:2)
  A dart slug (D:1)
  2 ball pythons (D:1)
  3 endoplasms
  8 goblins
  A hobgoblin (D:2)
  4 jackals (D:1)
  A quokka (D:2)
  2 bats (D:1)
  A frilled lizard (D:1)
  2 rats (D:2)
26 creatures vanquished.

Notes
Turn   | Place    | Note
-------+----------+-------------------------------------------
     0 | D:1      | sampeng1 the Minotaur Berserker began the quest for the
                  | Orb.
     0 | D:1      | Reached XP level 1. HP: 19/19 MP: 0/0
   371 | D:1      | Reached XP level 2. HP: 27/27 MP: 1/1
   742 | D:2      | Reached XP level 3. HP: 33/33 MP: 2/2
   938 | D:2      | Noticed Sigmund
   940 | D:2      | Noticed Robin
   955 | D:2      | Reached ** piety under Trog
   956 | D:2      | HP: 2/49 [something (2)]
   960 | D:2      | Slain by a goblin

Illustrated notes

Levels and vault maps discovered:
D:1:      dpeg_arrival_rhombus, layout_basic, minmay_close_crescents
D:2:      layout_loops_ring, serial_shops, shop, uniq_sigmund, uniq_robin

Skill      XL: |  1  2 |
---------------+-------+-----
Fighting       | 4 |  4.1
Axes           | 4 |  4.1
Armour         | 3 |  3.1
Dodging        | |  2.8

Action                     || total
---------------------------++-------
  Melee: Hand axe          ||    54
         Headbutt          ||     8
  Throw: Boomerang         ||     4
    Use: Scroll            ||     3
         Potion            ||     3
 Armour: Ring mail         ||    17
         Chain mail        ||    12
         Skin              ||     6
  Dodge: Dodged            ||    29
  Block: Buckler           ||     1
